 Seeded DCSS version 0.29.1-14-g9c671dbff4 (webtiles) character file.

Game seed: 3932669917420912538 (custom seed)

312 tkbsonic5 the Stinger (level 6, -1/75 HPs)
             Began as a Naga Venom Mage on Feb 20, 2023.
             Was a Follower of Uskayaw.
             Succumbed to a scorpion's poison
             ... in the Ecumenical Temple.
             The game lasted 00:19:04 (3609 turns).

tkbsonic5 the Stinger (Naga Venom Mage)             Turns: 3609, Time: 00:19:04

Health: -1/75      AC: 27    Str: 10    XL:     6   Next: 42%
Magic:  9/10       EV:  1    Int: 18    God:    Uskayaw [*.....]
Gold:   269        SH:  0    Dex: 11    Spells: 1/11 levels left

rFire   + . .      SeeInvis +   k - +10 dagger "Hejit" {vamp, rC++}
rCold   + + +      Faith    .   (no shield)
rNeg    . . .      Spirit   .   (body armour currently unavailable)
rPois   +          Reflect  .   (helmet currently unavailable)
rElec   +          Harm     .   (cloak currently unavailable)
rCorr   +          Rampage  .   (gloves currently unavailable)
Will    .....      NoTele   +   (no barding)
Stlth   ++........              (no amulet)
HPRegen 0.22/turn               c - +4 ring of protection
MPRegen 0.12/turn               (no ring)

@: lethally poisoned (-1 -> -2), tree-form, resistant, on berserk cooldown,
attractive, slowed, very slow
A: stationary, stasis, torment immunity, boosted hp, AC +2, large, see
invisible, (deformed body), (poison resistance), (slowness 2), spit poison 1,
(naga tail 1)
a: Spit Poison, Renounce Religion, Stomp


You were in the Ecumenical Temple.
You worshipped Uskayaw.
Uskayaw was noncommittal.
You were a tree.
You visited 2 branches of the dungeon, and saw 5 of its levels.

You collected 269 gold pieces.

Inventory:

Hand Weapons
 b - a +0 dagger of flaming
 e - a +1 sling
 g - a +1 dagger of venom
 k - the +10 dagger "Hejit" (weapon) {vamp, rC++}
   (You found it on level 2 of the Dungeon)

   It occasionally heals its wielder for a portion of the damage dealt when it
   wounds a living foe.
   rC:        It greatly protects you from cold.
Missiles
 l - 6 curare-tipped darts
Armour
 a - a +1 robe (melded)
 i - a +0 helmet (melded)
 m - a +0 pair of gloves (melded)
Jewellery
 c - a +4 ring of protection (left branch)


   Skills:
 + Level 0.3 Fighting
 + Level 0.5 Short Blades
 + Level 1.6 Dodging
 + Level 3.7 Stealth
 * Level 2.0 Unarmed Combat
 * Level 3.2 Spellcasting
 * Level 2.6 Transmutations
 * Level 2.2 Air Magic
 * Level 5.4 Poison Magic


You had one spell level left.
You knew the following spells:

 Your Spells              Type           Power      Damage    Failure   Level
a - Sting                 Tmut/Pois      68%        1d6       3%          1
b - Poisonous Vapours     Pois/Air       32%        N/A       4%          2
c - Spider Form           Tmut/Pois      17%        N/A       9%          3
d - Olgreb's Toxic Radia  Pois           22%        N/A       17%         4

Your spell library contained the following spells:

 Spells                   Type           Power      Damage    Failure   Level
 Summon Small Mammal      Summ           8%         N/A       16%         1
 Mephitic Cloud           Conj/Pois/Air  12%        N/A       17%         3
 Ensorcelled Hibernation  Hex/Ice        4%         N/A       24%         2
 Call Canine Familiar     Summ           2%         N/A       43%         3
 Summon Guardian Golem    Hex/Summ       2%         N/A       43%         3
 Anguish                  Hex/Necr       1%         N/A       85%         4
 Chain Lightning          Conj/Air       3%         3d4       100%        9
 Fire Storm               Conj/Fire      1%         7d1       100%        9
 Shatter                  Erth           1%         3d5*      100%        9


Dungeon Overview and Level Annotations

Branches:
Dungeon (4/15)             Temple (1/1) D:4

Altars:
Nemelex Xobeh
Uskayaw


Innate Abilities, Weirdness & Mutations

You are a tree.
Your roots penetrate the ground, keeping you stationary.
You cannot be teleported.
You are immune to unholy pain and torment.
Your maximum health is greatly increased.
Your equipment is partially melded.
((Your serpentine skin is tough. (AC +2)))
You have supernaturally acute eyesight. (SInv)
((Armour fits poorly on your strangely shaped body.))
((Your system is resistant to poisons. (rPois)))
((You cover ground very slowly.))
You can spit poison.
((You have a snake-like lower body.))


Message History

* * * LOW HITPOINT WARNING * * *
You feel sick.
The orc priest shouts!
An orc comes into view. It is wielding a +0 war axe.
You feel your anger nearly subside.
* * * LOW HITPOINT WARNING * * *
You feel very sick.
There is a staircase to the Ecumenical Temple here.
You are no longer berserk.
You are exhausted.
You feel yourself slow down.
* * * LOW HITPOINT WARNING * * *
You feel sick.
You climb downwards.
Welcome to the Ecumenical Temple!
* * * LOW HITPOINT WARNING * * *
You feel very sick.
You can no longer pass through a line of other dancers.
Found a sparkling altar of Nemelex Xobeh.
There is a staircase back to the Dungeon here.
It was a potion of lignification.
Your transformation has ended.
The +10 dagger "Hejit" {vamp, rC++} unmelds from your body.
Your +0 helmet unmelds from your body.
Your +0 pair of gloves unmelds from your body.
Your +1 robe unmelds from your body.
You feel a sense of dread.
You turn into a tree.
Your +0 helmet melds into your body.
Your +0 pair of gloves melds into your body.
Your +1 robe melds into your body.
Your roots penetrate the ground.
* * * LOW HITPOINT WARNING * * *
You feel sick.
It was a potion of resistance.
You feel protected.
* * * LOW HITPOINT WARNING * * *
You feel sick.
There is a lethal amount of poison in your body!
* * * LOW HITPOINT WARNING * * *
You feel sick.
* * * LOW HITPOINT WARNING * * *
You feel sick.
You die...

... .._.
#....
#....
#####...#
#......#
#.....#
#..♣..#
#.....#
#.....#
#######


There were no monsters in sight!

Vanquished Creatures
  A scorpion (D:4)
  3 orc priests (D:3)
  An iguana (D:4)
  2 orc wizards (D:3)
  2 adders (D:2)
  2 dart slugs (D:1)
  12 orcs (D:3)
  2 ball pythons (D:3)
  4 bats
  2 endoplasms
  4 giant cockroaches
  6 goblins
  4 hobgoblins
  3 jackals (D:2)
  3 quokkas
  A frilled lizard (D:3)
  6 kobolds
  3 rats
61 creatures vanquished.

Vanquished Creatures (others)
  5 plants (D:2)
5 creatures vanquished.

Grand Total: 66 creatures vanquished

Notes
Turn   | Place    | Note
-------+----------+-------------------------------------------
     0 | D:1      | tkbsonic5 the Naga Venom Mage began the quest for the Orb.
     0 | D:1      | Reached XP level 1. HP: 15/15 MP: 3/3
   238 | D:1      | Reached XP level 2. HP: 22/22 MP: 3/5
   241 | D:1      | Learned a level 2 spell: Poisonous Vapours
   874 | D:1      | Found a faded altar of an unknown god.
  1204 | D:2      | Reached XP level 3. HP: 28/28 MP: 0/6
  1208 | D:2      | Identified the +10 dagger "Hejit" {vamp, rC++}
  1750 | D:2      | Learned a level 3 spell: Spider Form
  2075 | D:3      | Reached skill level 1 in Air Magic
  2078 | D:3      | Reached XP level 4. HP: 33/36 MP: 3/7
  2383 | D:3      | Reached skill level 1 in Unarmed Combat
  2383 | D:3      | Reached skill level 5 in Poison Magic
  2383 | D:3      | Reached XP level 5. HP: 19/42 MP: 6/9
  2398 | D:3      | Found a hide-covered altar of Uskayaw.
  2402 | D:3      | HP: 2/42 [orc priest/divine providence (17)]
  2690 | D:3      | Became a worshipper of Uskayaw the Reveller
  2738 | D:3      | Reached * piety under Uskayaw
  2740 | D:3      | Identified the +2 pair of boots of the Enchanting Gods
                  | {rPois Str+4 Dex+2}
  2747 | D:3      | Reached ** piety under Uskayaw
  3047 | D:3      | Learned a level 4 spell: Olgreb's Toxic Radiance
  3348 | D:3      | Reached XP level 6. HP: 49/49 MP: 7/10
  3584 | D:4      | Found a staircase to the Ecumenical Temple.
  3604 | Temple   | Entered the Ecumenical Temple
  3606 | Temple   | HP: 3/75 [poisoned by a scorpion]
  3608 | Temple   | HP: 1/75 [poisoned by a scorpion]
  3609 | Temple   | Succumbed to a scorpion's poison

Illustrated notes

Levels and vault maps discovered:
D:1:      psy_arrival_dodecagon, layout_basic,
          hellmonk_ecumenical_altar_leap_of_faith
D:2:      cheibrodos_old_hovel, layout_basic, kennysheep_nondescript
D:3:      layout_loops_ring, mainiacjoe_overflow_six_doors_small,
          serial_bayou_pond_e
D:4:      layout_loops_ring, grunt_ashenzari_visionary
          [grunt_ashenzari_visionary_swamp, grunt_ashenzari_visionary_snake],
          minmay_temple_entry_stoned_glass, portal_sewer_entry_a
Temple:   minmay_crystal_spiral_temple

Skill      XL: |  1  2  3  4  5  6 |
---------------+-------------------+-----
Air Magic      | 1 2 |  2.2
Unarmed Combat | 1 2 |  2.0
Transmutations | 2 |  2.6
Poison Magic   | 5 |  5.4
Spellcasting   | 3 |  3.2
Fighting       | |  0.3
Short Blades   | |  0.5
Dodging        | |  1.6
Stealth        | |  3.7

Action                   |  1- 3 |  4- 6 || total
-------------------------+-------+-------++-------
Melee: Dagger            |    24 |    15 ||    39
       Unarmed           |    16 |    45 ||    61
 Cast: Sting             |    16 |     5 ||    21
       Poisonous Vapours |    21 |    13 ||    34
       Spider Form       |     2 |     3 ||     5
 Abil: Spit Poison       |    10 |     3 ||    13
  Use: Scroll            |     5 |     2 ||     7
       Potion            |       |     7 ||     7
 Stab: Sleeping          |     2 |     1 ||     3
Armor: Robe              |    14 |     6 ||    20
       Skin              |     6 |     8 ||    14
Dodge: Dodged            |    39 |    41 ||    80
